 Dungeon Crawl Stone Soup version 0.28.0-43-g3370ac3207 (webtiles) character file.

Game seed: 10765488002587637847

56078 RatsInWalls the Carver (level 15, 118/118 HPs)
             Began as a Human Wanderer on Mar 31, 2022.
             Was the Champion of Qazlal.
             Quit the game on level 11 of the Dungeon on Apr 1, 2022.
             The game lasted 01:03:26 (21482 turns).

RatsInWalls the Carver (Human Wanderer)            Turns: 21482, Time: 01:03:27

Health: 118/118    AC: 26    Str: 16    XL:     15   Next: 20%
Magic:  23/23      EV:  9    Int: 14    God:    Qazlal [******]
Gold:   478        SH:  8    Dex: 15    Spells: 20/23 levels left

rFire   + . .      SeeInvis .   D - +1 great sword
rCold   + . .      Faith    .   (shield currently unavailable)
rNeg    . . .      Spirit   .   M - +1 gold dragon scales
rPois   +          Reflect  .   b - +1 hat
rElec   .          Harm     .   (no cloak)
rCorr   .          Rampage  .   (no gloves)
Will    +....                   G - +0 pair of boots
Stlth   ..........              d - amulet of regeneration
HPRegen 1.09/turn               i - +4 ring of protection
MPRegen 0.18/turn               q - +4 ring of evasion

@: repel missiles
A: no striking features
a: Renounce Religion, Upheaval, Elemental Force, Disaster Area


You were on level 11 of the Dungeon.
You worshipped Qazlal.
Qazlal was exalted by your worship.
You visited 2 branches of the dungeon, and saw 17 of its levels.
You visited the Abyss 1 time.
You also visited: Ossuary.

You collected 1838 gold pieces.
You spent 1360 gold pieces at shops.

Inventory:

Hand Weapons
 D - a +1 great sword (weapon)
 K - a +0 scimitar of flaming
Missiles
 e - 578 stones
 h - 3 atropa-tipped darts
 n - 7 curare-tipped darts
 t - 22 poisoned darts (quivered)
 u - 2 boomerangs of dispersal
 H - 3 datura-tipped darts
 R - 4 throwing nets
Armour
 b - a +1 hat (worn)
 E - a +0 scale mail
 G - a +0 pair of boots (worn)
 M - +1 gold dragon scales (worn)
 S - a +0 buckler
Jewellery
 d - an amulet of regeneration (around neck)
 i - a +4 ring of protection (left hand)
 l - a ring of magical power
 q - a +4 ring of evasion (right hand)
 z - an amulet of guardian spirit
 V - a ring of protection from cold
Wands
 s - a wand of iceblast (7)
 B - a wand of charming (11)
 Q - a wand of digging (8)
 T - a wand of mindburst (7)
 U - a wand of acid (3)
Scrolls
 c - 2 scrolls of magic mapping
 g - 4 scrolls of amnesia
 j - a scroll of summoning
 k - 2 scrolls of fog
 m - a scroll of fear
 x - 3 scrolls of enchant armour
 y - a scroll of noise
 I - a scroll of identify
 O - 2 scrolls of teleportation
 P - a scroll of enchant weapon
Potions
 a - a potion of invisibility {unknown}
 f - a potion of might
 o - a potion of brilliance
 p - 3 potions of attraction
 r - 2 potions of magic
 v - a potion of haste {unknown}
 w - 3 potions of cancellation {unknown}
 A - 5 potions of curing
 C - a potion of mutation {unknown}
 F - 4 potions of flight
 J - a potion of berserk rage
 L - 6 potions of lignification
 N - a potion of resistance


   Skills:
 + Level 11.1 Fighting
 + Level 12.8 Long Blades
 + Level 12.7 Armour
 - Level 9.1 Dodging
 - Level 4.5 Spellcasting
 - Level 2.0 Air Magic
 + Level 11.1 Invocations
 + Level 7.0 Evocations


You had 20 spell levels left.
You knew the following spells:

 Your Spells              Type           Power      Damage    Failure   Level
a - Swiftness             Air            8%         N/A       100%        3

Your spell library contained the following spells:

 Spells                   Type           Power      Damage    Failure   Level
 Animate Skeleton         Necr           6%         N/A       100%        1
 Apportation              Tloc           6%         N/A       100%        1
 Beastly Appendage        Tmut           6%         N/A       100%        1
 Pain                     Necr           12%        1d4       100%        1
 Summon Small Mammal      Summ           12%        N/A       100%        1
 Corpse Rot               Necr/Air       12%        N/A       100%        2
 Ensorcelled Hibernation  Hex/Ice        6%         N/A       100%        2
 Passwall                 Tmut/Erth      2%         N/A       100%        2
 Poisonous Vapours        Pois/Air       12%        N/A       100%        2
 Static Discharge         Conj/Air       6%         N/A       100%        2
 Wereblood                Tmut           3%         N/A       100%        2
 Spider Form              Tmut/Pois      3%         N/A       100%        3
 Vampiric Draining        Necr           3%         2d6       100%        3
 Dispel Undead            Necr           3%         3d7       100%        4
 Sticky Flame             Conj/Fire      3%         2d3       100%        4
 Summon Forest            Summ/Tloc      1%         N/A       100%        5
 Summon Mana Viper        Hex/Summ       3%         N/A       100%        5
 Conjure Ball Lightning   Conj/Air       3%         3x3d6     100%        6
 Summon Cactus Giant      Summ           1%         N/A       100%        6
 Discord                  Hex            1%         N/A       100%        8
 Disjunction              Tloc           1%         N/A       100%        8


Dungeon Overview and Level Annotations

Branches:
Dungeon (11/15)            Temple (0/1) D:7            Lair (6/6) D:9
  Swamp (0/4) Lair:3        Snake (0/4) Lair:4        Slime (0/5) Lair:6
Ossuary (visited)
    Orc: D:9-12

Altars:
Dithmenos
Gozag
Hepliaklqana
Nemelex Xobeh
Qazlal
Trog
Uskayaw
Wu Jian
Yredelemnul
The Shining One
Lugonu

Shops:
D:9 [*=

Portals:
Abyss: D:6

Annotations:
D:7 3 runed translucent doors, Bearnado's ghost, novice MiBe; rel's ghost, novice HuBe


Message History

You hit the troll.
The troll is severely wounded.
The troll bites you but does no damage. The troll completely misses you.
The troll claws you but does no damage.
You closely miss the troll.
The troll is severely wounded.
The troll bites you but does no damage. The troll claws you but does no damage.
You block the troll's attack.
You slice the troll!!
You kill the troll!
Qazlal accepts your kill.
Your protection from physical attacks is fading.
You feel less protected from physical attacks.
A - 5 potions of curing (gained 1)
Found 13 gold pieces.
e - 578 stones (gained 24)
You see here a +0 falchion.
No target in view!
You now have 470 gold pieces (gained 13).
Found a stone staircase leading down.
You now have 478 gold pieces (gained 8).
There is a stone staircase leading down here.
There is a stone staircase leading down here.
There is a stone staircase leading down here.
You open the door.
There is an open door here.
You see here a +0 rapier.
You open the door.
There is a stone staircase leading down, spattered with blood here.
There is an open door here.
Done exploring.
Unknown command.
Done exploring.
There is an open door here.
There is a stone staircase leading down here.
Save game and exit?
Welcome back, RatsInWalls the Human Wanderer.
Qazlal says: Let the forces of nature tear it all down!
Press ? for a list of commands and other information.
Are you sure you want to abandon this character and quit the game? (Confirm with "yes".)

#...........#....:....#
##..........#......##.#
............#........<#
##..........#.###...###
#...........#..##.#####
#..........##.........#
#..........##......#.##
######.##'###..##°.#.#
#...............@..#.#
######.##.###.☼§..##.#
# #.##.# ##.#####.# #
#.##.####.# #.# #
#...<.....# ###.#
#####...### #...#
####### #.#.#####.#.#
......# #.........#.#
......# #.#.#######.#


There were no monsters in sight!

Vanquished Creatures
  Harold (Lair:1)
  A boulder beetle (Lair:2)
  2 hydras
  4 catoblepae
  Erica (D:8)
  2 two-headed ogres
  17 death yaks
  A lindwurm (Lair:6)
  A deep elf pyromancer (D:11)
  3 manticores
  10 elephants
  2 gargoyles
  13 cane toads
  4 black mambas
  An unseen horror (D:11)
  2 rime drakes
  12 komodo dragons
  3 trolls
  Prince Ribbit (D:6)
  4 polar bears
  34 blink frogs
  5 dream sheep (Lair:5)
  A shadow (D:9)
  A wraith (D:10)
  57 yaks
  2 wyverns
  4 basilisks
  4 steam dragons
  15 water moccasins
  3 orc warriors
  A necrophage (D:6)
  2 black bears
  11 wolves
  3 centaurs (D:9)
  3 ogres
  2 kobold brigands
  A wyvern zombie (D:8)
  8 bullfrogs
  4 scorpions
  A water moccasin skeleton (D:6)
  3 killer bees (D:7)
  3 howler monkeys
  5 jellies
  9 centaur zombies
  4 hounds
  15 orc priests
  Jessica (D:2)
  3 iguanas
  7 orc wizards
  A killer bee zombie (D:7)
  A hound skeleton (D:5)
  2 mummies (Ossuary)
  3 howler monkey zombies
  4 gnolls (D:7)
  4 adders
  A shadow imp (D:5)
  A white imp (D:5)
  3 adder skeletons (D:4)
  3 dart slugs
  42 orcs
  12 endoplasms
  5 giant cockroaches
  2 goblins (D:1)
  5 hobgoblins
  8 jackals
  3 quokkas
  9 ball pythons
  5 bats
  5 frilled lizards
  7 gnoll zombies (Ossuary)
  3 goblin zombies
  2 hobgoblin zombies (Ossuary)
  14 kobolds
  An orc zombie (Ossuary)
  7 rats
  A rat zombie (D:7)
  2 butterflies (Lair:3)
453 creatures vanquished.

Vanquished Creatures (collateral kills)
  Maggie (D:6)
  A harpy skeleton (Abyss:1)
  A small abomination (Abyss:1)
  A jelly (D:6)
  A shadow imp (D:6)
  An orc (D:6)
6 creatures vanquished.

Vanquished Creatures (others)
  3 yaks (Lair:6)
  A bush (Lair:3)
  22 fungi
  41 plants
  2 starspawn tentacles (Abyss:1)
  3 withered plants (D:2)
72 creatures vanquished.

Grand Total: 531 creatures vanquished

Notes
Turn   | Place    | Note
-------+----------+-------------------------------------------
     0 | D:1      | RatsInWalls the Human Wanderer began the quest for the Orb.
     0 | D:1      | RatsInWalls set off with the following items: a +0
                  | falchion, a +0 chain mail, a wand of flame (6)
     0 | D:1      | Reached XP level 1. HP: 13/13 MP: 1/1
   394 | D:1      | Reached XP level 2. HP: 17/20 MP: 2/2
   521 | D:1      | Reached skill level 1 in Fighting
   674 | D:1      | Reached XP level 3. HP: 16/26 MP: 3/3
  1458 | D:2      | Reached XP level 4. HP: 30/32 MP: 5/5
  1612 | D:2      | Reached skill level 1 in Dodging
  1936 | D:2      | Found a faded altar of an unknown god.
  1942 | D:2      | Noticed Jessica
  1944 | D:2      | Killed Jessica
  1945 | D:2      | Reached skill level 1 in Spellcasting
  1972 | D:2      | Prayed at the altar of an unknown god.
  1972 | D:2      | Became a worshipper of Qazlal Stormbringer
  1972 | D:2      | Reached * piety under Qazlal
  2012 | D:3      | Reached XP level 5. HP: 37/38 MP: 6/6
  2070 | D:3      | Found a large runed translucent door.
  2071 | D:3      | Found a large runed translucent door.
  2187 | D:3      | Found a basalt altar of Yredelemnul.
  2198 | D:3      | Found a hide-covered altar of Uskayaw.
  2346 | D:3      | Found a sparkling altar of Nemelex Xobeh.
  2395 | D:3      | Found a glowing golden altar of the Shining One.
  2513 | D:3      | Found a shadowy altar of Dithmenos.
  2563 | D:3      | Found a bloodstained altar of Trog.
  2710 | D:3      | Reached skill level 1 in Invocations
  2718 | D:3      | Reached ** piety under Qazlal
  2950 | D:4      | Noticed an ogre
  2969 | D:4      | Noticed an ogre
  2974 | D:4      | Killed an ogre
  2975 | D:4      | Reached XP level 6. HP: 29/46 MP: 6/8
  3167 | D:4      | Killed an ogre
  3532 | D:4      | Reached XP level 7. HP: 50/51 MP: 9/9
  4042 | D:5      | Entered Level 5 of the Dungeon
  4403 | D:5      | Found an opulent altar of Gozag.
  4814 | D:5      | Reached XP level 8. HP: 58/58 MP: 11/11
  5705 | D:6      | Noticed Maggie
  5746 | D:6      | Killed Maggie
  5803 | D:6      | Found a large runed translucent door.
  5803 | D:6      | Found a large runed translucent door.
  5855 | D:6      | Found a corrupted altar of Lugonu.
  5857 | D:6      | Identified the +4 rapier of Yredelemnul's Pride {distort,
                  | *Noise Will+++ Str+4 Int+3}
  5950 | D:6      | Noticed a yak
  5952 | D:6      | Noticed a yak
  5989 | D:5      | Killed a yak
  5990 | D:5      | Reached XP level 9. HP: 53/67 MP: 13/13
  6182 | D:6      | Reached skill level 5 in Fighting
  6182 | D:6      | Reached skill level 5 in Invocations
  6417 | D:6      | Reached skill level 5 in Long Blades
  6743 | D:6      | Found a one-way gate to the infinite horrors of the Abyss.
  6934 | D:7      | Found a flagged portal.
  7011 | D:7      | Found a sand-covered staircase.
  7022 | Ossuary  | Entered an ossuary
  7114 | Ossuary  | Reached XP level 10. HP: 71/76 MP: 15/15
  7276 | D:7      | Found a staircase to the Ecumenical Temple.
  7277 | D:7      | Noticed a gargoyle
  7289 | D:7      | Killed a gargoyle
  7341 | D:7      | Noticed Prince Ribbit
  7360 | D:6      | Killed Prince Ribbit
  7385 | D:6      | Reached *** piety under Qazlal
  7411 | D:5      | Cast into level 1 of the Abyss (kobold brigand)
  7459 | Abyss:1  | Noticed an apocalypse crab
  7486 | Abyss:1  | Noticed a large abomination
  7587 | Abyss:1  | Noticed a large abomination
  7599 | Abyss:1  | Found a corrupted altar of Lugonu.
  7616 | Abyss:1  | Noticed a brown ugly thing
  7618 | Abyss:1  | Noticed a starcursed mass
  7620 | Abyss:1  | Noticed a tentacled starspawn
  7633 | Abyss:1  | Found a corrupted altar of Lugonu.
  7714 | Abyss:1  | Noticed a great orb of eyes
  7758 | D:5      | Escaped the Abyss
  7942 | D:7      | Found a runed translucent gate.
  7943 | D:7      | Found a runed translucent gate.
  7945 | D:7      | Found a runed translucent gate.
  7947 | D:7      | Noticed Bearnado's ghost (novice MiBe)
  7947 | D:7      | Noticed rel's ghost (novice HuBe)
  8549 | D:7      | Learned a level 3 spell: Swiftness
  8563 | D:8      | Noticed a two-headed ogre
  9071 | D:8      | Reached skill level 1 in Air Magic
  9108 | D:8      | Noticed Erica
  9200 | D:8      | HP: 2/77 [something/lance of force (5)]
  9203 | D:8      | Killed Erica
  9204 | D:8      | Reached skill level 5 in Dodging
  9400 | D:8      | Killed a two-headed ogre
 10115 | D:9      | Reached XP level 11. HP: 38/84 MP: 17/17
 10354 | D:9      | Found Ruqio's Antique Armour Emporium.
 10530 | D:9      | Found a staircase to the Lair.
 10724 | D:9      | Noticed a two-headed ogre
 10733 | D:9      | Killed a two-headed ogre
 10839 | D:9      | Found Kesulol's Jewellery Shoppe.
 10886 | D:9      | Found a hazy altar of Hepliaklqana.
 11008 | D:9      | Found Unwoost's General Store.
 11239 | D:10     | Entered Level 10 of the Dungeon
 12056 | D:10     | Identified the +8 trident of Worgh {pain, rF+}
 12146 | Lair:1   | Entered Level 1 of the Lair of Beasts
 12342 | Lair:1   | Noticed Harold
 12363 | Lair:1   | Killed Harold
 12370 | Lair:1   | Reached XP level 12. HP: 56/92 MP: 18/18
 12427 | Lair:1   | Reached **** piety under Qazlal
 13529 | Lair:2   | Noticed a five-headed hydra
 13642 | Lair:2   | Reached skill level 10 in Armour
 13795 | Lair:2   | Reached skill level 10 in Long Blades
 14109 | Lair:2   | Noticed a boulder beetle
 14173 | Lair:2   | Killed a one-headed hydra
 14174 | Lair:2   | Reached XP level 13. HP: 100/100 MP: 19/19
 14302 | Lair:2   | Killed a boulder beetle
 14809 | Lair:3   | Noticed a catoblepas
 14820 | Lair:3   | Killed a catoblepas
 15303 | Lair:3   | Found a staircase to the Swamp.
 15999 | Lair:4   | Found a staircase to the Snake Pit.
 16690 | D:9      | Bought gold dragon scales for 1360 gold pieces
 17809 | Lair:5   | Reached ***** piety under Qazlal
 17922 | Lair:5   | Noticed a six-headed hydra
 17947 | Lair:5   | Killed a one-headed hydra
 18024 | Lair:5   | Reached XP level 14. HP: 109/109 MP: 21/21
 18632 | Lair:6   | Entered Level 6 of the Lair of Beasts
 18684 | Lair:5   | Reached skill level 5 in Evocations
 18736 | Lair:5   | Reached skill level 10 in Fighting
 18826 | Lair:5   | Reached skill level 10 in Invocations
 19754 | Lair:6   | Found a staircase to the Slime Pits.
 20360 | Lair:6   | Reached XP level 15. HP: 84/117 MP: 23/23
 20956 | D:11     | Found an ornate altar of the Wu Jian Council.
 21134 | D:11     | Reached ****** piety under Qazlal
 21482 | D:11     | Quit the game

Illustrated notes

Levels and vault maps discovered:
D:1:      roderic_dead_forest, layout_rooms, serial_glass, glass_columns_b,
          glass_columns_b, dk_noncrumbling_4, minmay_tripent
D:2:      layout_rooms, ebering_ecumenical_altar_petrified, minivault_25,
          uniq_jessica
D:3:      layout_basic, mainiacjoe_overflow_small_starburst, tso_altar,
          marbit_many_paths, jmf_multi_god_temple2, nemelex_dance_club_becter
D:4:      layout_gridville, minmay_box_of_dots
D:5:      layout_layer_cave, nicolae_gozag_seed_capital
D:6:      due_chaos_kobolds, layout_basic, uniq_maggie
D:7:      layout_cave_pods, minmay_temple_entry_glass, enter_ossuary_4,
          gammafunk_ghost_cemetery, enter_bailey_7, minmay_misc_feat_room,
          kennysheep_generic_room_6, uniq_prince_ribbit1
D:8:      layout_basic, grunt_ministairs_12, minivault_5,
          minmay_misc_feat_diagonals, uniq_erica
D:9:      layout_irregular_city, worldfamousw_hep_ancestral_shrine,
          grunt_lair_entry_orc_guard_hut, serial_shops, shop, shop,
          nicolae_shop_temple_entry_statues_fountains
D:10:     layout_loops_cross
D:11:     layout_basic, nzn_wu_jian_contemplation
Lair:1:   layout_cave_pods, grunt_megastairs_4, serial_bayou_shore_a,
          lemuel_fruit_fields, uniq_harold
Lair:2:   layout_roguey
Lair:3:   layout_cave_shapes, swamp_mist, nicolae_lair_grazing_beasts
          [nicolae_sub_lair_graze_edge, nicolae_sub_lair_graze_edge,
          nicolae_sub_lair_graze_edge, nicolae_sub_lair_graze_edge],
          infiniplex_staircase_pool, lemuel_fruit_fields, lemuel_fruit_fields
Lair:4:   layout_cave_pods, dummy_snake_entry, grunt_megastairs_2,
          serial_bayou_shore_b, lemuel_fruit_tree
Lair:5:   layout_cellular_growth
Lair:6:   evilmike_catoblepas_cave, layout_loops_ring,
          nicolae_slime_entry_slimehenge

Skill      XL: |  1  2  3  4  5  6  7  8  9 10 11 12 13 14 15 |
---------------+----------------------------------------------+-----
Fighting       | 1 2 3 4 6 7 8 9 10 11 | 11.1
Dodging        | 1 2 3 4 5 6 7 8 9 |  9.1
Spellcasting   | 1 2 3 4 |  4.5
Invocations    | 1 2 3 4 5 6 7 8 9 10 11 | 11.1
Evocations     | 3 4 6 7 |  7.0
Long Blades    | 4 5 7 9 10 11 12 | 12.8
Armour         | 6 7 9 10 11 12 | 12.7
Air Magic      | 2 |  2.0

Action                   |  1- 3 |  4- 6 |  7- 9 | 10-12 | 13-15 || total
-------------------------+-------+-------+-------+-------+-------++-------
Melee: Falchion          |   140 |   151 |   548 |   346 |       ||  1185
       Punch             |     2 |     1 |    13 |     5 |       ||    21
       Scimitar          |       |       |       |   138 |    14 ||   152
       Great sword       |       |       |       |   369 |   711 ||  1080
Throw: Dart              |       |       |     5 |     1 |       ||     6
       Stone             |       |       |     1 |       |       ||     1
Invok: Upheaval          |       |       |     6 |     8 |       ||    14
Evoke: Wand              |       |     6 |       |     5 |     1 ||    12
  Use: Scroll            |       |     6 |     3 |     9 |    12 ||    30
       Potion            |       |     2 |       |     7 |       ||     9
 Stab: Distracted        |       |       |       |     1 |       ||     1
Armor: Chain mail        |   137 |    89 |   185 |       |       ||   411
       Scale mail        |       |       |    60 |   385 |    91 ||   536
       Skin              |       |       |       |     3 |       ||     3
       Gold dragon scale |       |       |       |       |   437 ||   437
Dodge: Dodged            |    58 |    90 |   301 |   843 |   411 ||  1703
       Repelled          |       |       |       |       |     1 ||     1
Block: Other             |       |     4 |    56 |   196 |   240 ||   496
